 Dungeon Crawl Stone Soup version 0.19.0-2-gae57169 (webtiles) character file.

602 MDvedh the Cleaver (level 7, -7/57 HPs)
             Began as a Minotaur Fighter on Nov 3, 2016.
             Was a Follower of Uskayaw.
             Mangled by an ogre
             ... wielding a +0 giant club
              (18 damage)
             ... on level 5 of the Dungeon.
             The game lasted 00:07:11 (3858 turns).

MDvedh the Cleaver (Minotaur Fighter)               Turns: 3858, Time: 00:07:12

Health: -7/57      AC:  6    Str: 22    XL:     7   Next: 18%
Magic:  3/6        EV:  7    Int:  7    God:    Uskayaw [*.....]
Gold:   159        SH:  9    Dex: 10    Spells: 0 memorised, 6 levels left

rFire  . . .     SeeInvis .     a - +0 war axe
rCold  . . .     Gourm    .     b - +0 scale mail
rNeg   . . .     Faith    .     c - +0 shield
rPois  .         Spirit   .     (helmet restricted)
rElec  .         Reflect  .     (no cloak)
rCorr  .         Harm     .     (no gloves)
MR     .....                    (no boots)
Stlth  ..........               (no amulet)
                                (no ring)
                                (no ring)

@: no status effects
A: retaliatory headbutt, horns 2, blink, clever 1
a: Blink, Stomp, Renounce Religion


You were on level 5 of the Dungeon.
You worshipped Uskayaw.
Uskayaw was noncommittal.
You were not hungry.

You visited 2 branches of the dungeon, and saw 6 of its levels.

You collected 159 gold pieces.

Inventory:

Hand Weapons
 a - a +0 war axe (weapon)
Missiles
 o - 3 javelins of penetration (quivered)
Armour
 b - a +0 scale mail (worn)
 c - a +0 shield (worn)
 x - the +2 ring mail of the Butterfly {rElec rC- Str+3}
   (You found it on level 4 of the Dungeon)

   It affects your strength (+3).
   It makes you vulnerable to cold.
   It insulates you from electricity.
Scrolls
 e - 2 scrolls of enchant weapon {unknown}
 p - a scroll of teleportation {unknown}
 q - a scroll of amnesia {unknown}
 r - 2 scrolls of recharging {unknown}
 s - a scroll of immolation {unknown}
 v - 2 scrolls of magic mapping {unknown}
 w - a scroll of fear {unknown}
 y - 2 scrolls of identify {unknown}
Potions
 d - 3 potions of might
 g - 3 potions of curing {unknown}
 i - a potion of lignification {unknown}
 j - a potion of agility {unknown}
 k - 2 potions of brilliance {unknown}
 l - a potion of invisibility {unknown}
 m - a potion of magic {unknown}
 z - 2 potions of degeneration {unknown}
Comestibles
 f - 5 bread rations
 h - 3 fruits
 n - a royal jelly
 t - 2 meat rations
 u - a beef jerky


   Skills:
 - Level 3.6 Fighting
 + Level 9.6 Axes
 - Level 3.6 Armour
 - Level 3.6 Shields


You had 6 spell levels left.
You didn't know any spells.

Dungeon Overview and Level Annotations

Branches:
Dungeon (5/15)             Temple (1/1) D:5

Altars:
Ashenzari
Cheibriados
Dithmenos
Fedhas
Gozag
Hepliaklqana
Kikubaaqudgha
Makhleb
Nemelex Xobeh
Okawaru
Qazlal
Ru
Sif Muna
Uskayaw
Vehumet
Xom
Yredelemnul
Zin
The Shining One


Innate Abilities, Weirdness & Mutations

You reflexively headbutt those who attack you in melee.
You have a pair of horns on your head.
You can translocate small distances at will.
Your mind is acute. (Int +2)


Message History

You slash the ogre!
The ogre is moderately wounded.
The ogre is no longer paralysed.
The ogre hits you with a giant club.
You stomp with the beat, sending a shockwave through the revelers around you!
The ogre is heavily wounded.
You feel somewhat more hungry.
You hit the ogre but do no damage.
The ogre is heavily wounded.
The ogre hits you with a giant club!!
* * * LOW HITPOINT WARNING * * *
You are too injured to fight recklessly!
You are too injured to fight recklessly!
You see here 23 stones.
You can no longer pass through a line of other dancers.
Okay, then.
You are too injured to fight recklessly!
You hit the ogre.
The ogre is heavily wounded.
The ogre hits you with a giant club!!
You die...

#.. ##.# ##..#
#^..##### ..###.......#
...........###
#......@O(#### .
#.......#....# ...
##..##..#####.####...##
#..####.# #..††.....#
#..# #.# #####..##.#
#..# #.# ....
#####..####.. ##.#
#.........##. #
#.........# .#


You could see an ogre.

Vanquished Creatures
  A sky beast (D:5)
  A phantom (D:5)
  An ogre (D:4)
  A bullfrog skeleton (D:5)
  A hound (D:5)
  3 worker ants
  Robin (D:2)
  5 adders
  3 gnolls (D:3)
  An ooze (D:1)
  An adder skeleton (D:4)
  5 worms
  2 dart slugs
  A leopard gecko (D:1)
  3 orcs
  6 giant cockroaches
  14 goblins
  10 hobgoblins
  12 jackals
  5 kobolds
  3 quokkas
  6 bats
  7 frilled lizards
  2 quokka skeletons (D:4)
  7 rats
102 creatures vanquished.

Notes
Turn   | Place    | Note
-------+----------+-------------------------------------------
     0 | D:1      | MDvedh the Minotaur Fighter began the quest for the Orb.
     0 | D:1      | Reached XP level 1. HP: 19/19 MP: 0/0
    64 | D:1      | Reached skill level 3 in Axes
   173 | D:1      | Reached XP level 2. HP: 25/26 MP: 1/1
   260 | D:1      | Reached skill level 4 in Axes
   480 | D:1      | Reached XP level 3. HP: 27/31 MP: 2/2
   713 | D:2      | Found a blossoming altar of Fedhas.
   793 | D:2      | Noticed Robin
   793 | D:2      | Reached skill level 5 in Axes
   795 | D:2      | Killed Robin
   797 | D:2      | Reached XP level 4. HP: 39/39 MP: 3/3
  1710 | D:3      | Reached skill level 6 in Axes
  1812 | D:3      | Reached XP level 5. HP: 45/45 MP: 4/4
  2051 | D:4      | Noticed an ogre
  2057 | D:4      | Killed an ogre
  2057 | D:4      | Reached skill level 7 in Axes
  2155 | D:4      | Reached XP level 6. HP: 19/51 MP: 5/5
  2540 | D:4      | Got a brightly glowing ring mail
  2551 | D:4      | Identified the +2 ring mail of the Butterfly {rElec rC- Str+3} (You found it on level 4 of the Dungeon)
  2776 | D:4      | Reached skill level 8 in Axes
  2978 | D:5      | Entered Level 5 of the Dungeon
  2978 | D:5      | Found a staircase to the Ecumenical Temple.
  3028 | Temple   | Entered the Ecumenical Temple
  3249 | Temple   | Became a worshipper of Uskayaw the Reveler
  3489 | D:5      | Found a shadowy altar of Dithmenos.
  3495 | D:5      | Reached * piety under Uskayaw
  3712 | D:5      | Noticed a sky beast
  3712 | D:5      | Reached skill level 9 in Axes
  3712 | D:5      | Reached ** piety under Uskayaw
  3720 | D:5      | Reached *** piety under Uskayaw
  3725 | D:5      | Killed a sky beast
  3725 | D:5      | Reached XP level 7. HP: 41/57 MP: 6/6
  3725 | D:5      | Reached **** piety under Uskayaw
  3730 | D:5      | Gained mutation: You can translocate small distances at will. [mutagenic meat]
  3731 | D:5      | Gained mutation: Your mind is acute. (Int +2) [mutagenic meat]
  3858 | D:5      | Mangled by an ogre

Skill      XL: |  1  2  3  4  5  6 |
---------------+-------------------+-----
Axes           | 3 4 5 6 7 9 |  9.6
Fighting       | |  3.6
Armour         | |  3.6
Shields        | |  3.6

Action                   |  1- 3 |  4- 6 |  7- 9 || total
-------------------------+-------+-------+-------++-------
Melee: War axe           |    83 |   166 |    31 ||   280
       Headbutt          |    12 |    31 |     6 ||    49
Throw: Javelin           |       |     1 |       ||     1
Invok: Stomp             |       |       |     1 ||     1
 Stab: Paralysed         |       |     1 |     1 ||     2
  Eat: Chunk             |       |     8 |     2 ||    10
       Bread ration      |       |     1 |       ||     1
Armor: Scale mail        |    43 |    53 |    16 ||   112
Dodge: Dodged            |    24 |    45 |     4 ||    73
Block: Shield            |    49 |    70 |     6 ||   125
